 Dungeon Crawl Stone Soup version 0.16.2-12-gd0ad4c3 (webtiles) character file.

10146 Peloso the Blocker (level 11, -13/99 HPs)
             Began as a Minotaur Fighter on Sept 29, 2015.
             Was a High Priest of Okawaru.
             Mangled by an orc knight
             ... wielding a +0 great mace
              (20 damage)
             ... on level 4 of the Orcish Mines on Oct 1, 2015.
             The game lasted 00:35:52 (9932 turns).

Peloso the Blocker (Minotaur Fighter)               Turns: 9932, Time: 00:35:53

Health: -13/99     AC: 21    Str: 31    XL:     11   Next: 32%
Magic:  4/4        EV:  9    Int:  1    God:    Okawaru [*****.]
Gold:   1361       SH: 13    Dex:  8    Spells: 0 memorised, 10 levels left

rFire  + . .     SeeInvis .     K - +7 broad axe of the Three Spirits {drain, Str+9 Int-4 Dex-4}
rCold  + . .     Clarity  .     J - +1 plate armour {rF+}
rNeg   . . .     SustAb   .     c - +0 shield
rPois  .         Gourm    .     (helmet restricted)
rElec  .         Spirit   .     l - +0 cloak
rCorr  .         Warding  .     y - +0 pair of gloves
rMut   .         Stasis   .     o - +0 pair of boots
MR     .....                    (no amulet)
Stlth  ..........               f - ring of protection from cold
                                h - +2 ring of protection

@: not resistant to hostile enchantments, extremely unstealthy
A: retaliatory headbutt, horns 2
a: Heroism, Finesse, Renounce Religion


You were on level 4 of the Orcish Mines.
You worshipped Okawaru.
Okawaru was extremely pleased with you.
You were very hungry.

You visited 3 branches of the dungeon, and saw 15 of its levels.

You collected 1361 gold pieces.

Inventory:

Hand weapons
 k - a +2 long sword of protection
 v - a +1 spear of freezing
 K - the +7 broad axe of the Three Spirits (weapon) {drain, Str+9 Int-4 Dex-4}
   (You found it on level 8 of the Dungeon)

   A truly terrible weapon, it drains the life of those it strikes.
   It affects your strength (+9).
   It affects your intelligence (-4).
   It affects your dexterity (-4).
 O - a +0 flail
 P - a +1 broad axe of chopping
Armour
 c - a +0 shield (worn)
 l - a +0 cloak (worn)
 o - a +0 pair of boots (worn)
 y - a +0 pair of gloves (worn)
 J - a +1 plate armour of fire resistance (worn)
Jewellery
 f - a ring of protection from cold (right hand)
 h - a +2 ring of protection (left hand)
 C - an uncursed ring of positive energy
Magical devices
 j - a wand of lightning (7)
 E - a wand of teleportation (5)
 F - a wand of polymorph (10)
 I - a wand of draining (2)
Scrolls
 a - a scroll of fear {unknown}
 b - a scroll of recharging {unknown}
 i - 6 scrolls of teleportation
 m - 6 scrolls of identify
 p - 4 scrolls of remove curse
 w - 4 scrolls of enchant weapon
 x - 2 scrolls of blinking
 B - 2 scrolls of magic mapping
 G - a scroll of enchant armour {unknown}
 H - a scroll of fog
Potions
 e - a potion of might
 g - 3 potions of magic
 n - 6 potions of curing {unknown}
 r - 3 potions of brilliance {unknown}
 s - a potion of heal wounds {unknown}
 u - 3 potions of agility {unknown}
 N - a potion of flight {unknown}
Books
 D - a book of Callings

   Spells                             Type                      Level
   a - Summon Small Mammal            Summoning                    1
   b - Call Imp                       Summoning                    2
   c - Call Canine Familiar           Summoning                    3
   d - Summon Guardian Golem          Hexes/Summoning              4
   e - Summon Lightning Spire         Summoning/Air                4
   f - Summon Ice Beast               Ice/Summoning                4
 L - a book of Party Tricks

   Spells                             Type                      Level
   a - Summon Butterflies             Summoning                    1
   b - Apportation                    Translocation                1
   c - Tukima's Dance                 Hexes                        3
   d - Alistair's Intoxication        Transmutation/Poison         4
   e - Invisibility                   Hexes                        6
 M - the Reference Book on the Blaze
   (You found it on level 10 of the Dungeon)

   Spells                             Type                      Level
   a - Flame Tongue                   Conjuration/Fire             1
   b - Inner Flame                    Hexes/Fire                   3
   c - Bolt of Magma                  Conjuration/Fire/Earth       5
   d - Ignite Poison                  Fire/Transmutation           5
Comestibles
 d - 6 bread rations
 q - a royal jelly
 t - 5 meat rations
 z - a beef jerky
 A - 26 chunks of flesh


   Skills:
 + Level 10.1 Fighting
 + Level 8.1 Long Blades
 + Level 8.4 Axes
 + Level 9.7 Armour
 + Level 6.7 Dodging
 + Level 0.8 Stealth
 + Level 10.5 Shields
 + Level 0.4 Invocations


You had 10 spell levels left.
You didn't know any spells.

Dungeon Overview and Level Annotations

Branches:
Dungeon (10/15)            Temple (1/1) D:6            Lair (0/8) D:9
    Orc (4/4) D:10            Elf (0/3) Orc:3

Altars:
Ashenzari
Cheibriados
Dithmenos
Elyvilon
Fedhas
Gozag
Kikubaaqudgha
Makhleb
Nemelex Xobeh
Okawaru
Qazlal
Ru
Trog
Vehumet
Xom
Yredelemnul
Zin
The Shining One
Beogh
Lugonu

Shops:
Orc:4 =!


Innate Abilities, Weirdness & Mutations

You reflexively headbutt those who attack you in melee.
You have a pair of horns on your head.


Message History

The orc warrior is moderately wounded.
The orc knight hits you with a great mace!
* * * LOW HITPOINT WARNING * * *
The orc warrior closely misses you.
The orc warrior hits you from afar with a halberd!
* * * LOW HITPOINT WARNING * * *
You block the orc warrior's attack.
There is an open door, spattered with blood here.
Read which item? (? for menu, Esc to quit)
Okay, then.
Drink which item? (? for menu, Esc to quit)
Okay, then.
Drink which item? (? for menu, Esc to quit)
Okay, then.
You slice the orc warrior!!
You kill the orc warrior!
Okawaru accepts your kill. You block the orc warrior's attack.
The orc knight hits you with a great mace!!
You die...

... ... .....# ......#
..... ## .........
....##.## #........####
.......## ........##...#
........#
.......##.....##........
.......#.....)o#.......#
.......#∩._8.)oo@.....#
)).....#......)#.....##
..)....##.....##....##
...###..##...##....##
.### ##..#####....## ..#
##........### .##
##......## ## ###...## #
#####


You could see an orc knight and 2 orc warriors.

Vanquished Creatures
  An orc high priest (Orc:3)
  A cyclops (D:10)
  An orc knight (Orc:2)
  A gargoyle (D:10)
  2 trolls
  A trapdoor spider zombie (D:10)
  Grinder (D:6)
  A two-headed ogre (D:10)
  A ynoxinul (Orc:3)
  A deep elf mage (D:10)
  Eustachio (D:10)
  A hippogriff (D:7)
  2 wargs
  16 orc warriors
  2 ice beasts
  2 phantoms
  8 ogres
  A sky beast (D:8)
  3 centaurs
  A wasp (D:9)
  A big kobold (D:8)
  3 giant frogs
  3 scorpions
  5 killer bees (D:8)
  5 goliath beetles
  3 crimson imps
  A giant frog zombie (D:6)
  3 centaur skeletons
  25 orc priests
  A quasit (D:6)
  4 giant frog skeletons
  4 hounds
  23 orc wizards
  3 worker ants
  4 iguanas
  Ijyb (D:3)
  3 hound skeletons
  A hound zombie (D:5)
  4 gnolls (D:8)
  Robin (D:2)
  5 adders
  A river rat (D:10)
  4 giant mites
  A shadow imp (D:5)
  3 ufetubi (Orc:3)
  2 worms
  An adder zombie (D:7)
  4 giant geckos
  134 orcs
  2 ball pythons
  21 bats
  2 bat skeletons
  5 giant cockroaches
  20 goblins
  16 hobgoblins
  4 jackals (D:4)
  3 quokkas
  A giant gecko skeleton (D:4)
  A giant newt (D:3)
  11 kobolds
  A quokka skeleton (D:4)
  21 rats
  7 ballistomycetes
416 creatures vanquished.

Vanquished Creatures (others)
  2 orc wizards
  5 sheep (D:6)
  An adder (D:7)
  An orc (D:9)
  A hobgoblin (D:9)
  3 giant spores
13 creatures vanquished.

Grand Total: 429 creatures vanquished

Notes
Turn   | Place    | Note
--------------------------------------------------------------
     0 | D:1      | Peloso, the Minotaur Fighter, began the quest for the Orb.
     0 | D:1      | Reached XP level 1. HP: 19/19 MP: 1/1
   123 | D:1      | Reached skill level 4 in Armour
   256 | D:1      | Reached XP level 2. HP: 27/27 MP: 1/1
   554 | D:1      | Reached skill level 1 in Dodging
   624 | D:2      | Found a shattered altar of Ashenzari.
   651 | D:2      | Reached XP level 3. HP: 30/33 MP: 2/2
   678 | D:2      | Found a shadowy altar of Dithmenos.
   706 | D:2      | Found a burning altar of Makhleb.
  1057 | D:2      | Noticed Robin
  1071 | D:2      | Reached XP level 4. HP: 21/40 MP: 2/2
  1079 | D:2      | HP: 2/40 [goblin[Robin] (2)]
  1080 | D:2      | Killed Robin
  1742 | D:3      | Noticed Ijyb
  1784 | D:3      | Killed Ijyb
  2102 | D:4      | Found a glowing golden altar of the Shining One.
  2110 | D:4      | Reached XP level 5. HP: 29/47 MP: 2/2
  2115 | D:4      | Noticed a phantom
  2133 | D:4      | Killed a phantom
  2133 | D:4      | Reached skill level 5 in Armour
  2361 | D:4      | Reached XP level 6. HP: 53/53 MP: 3/3
  2735 | D:4      | Reached skill level 5 in Shields
  2817 | D:4      | Noticed an ogre
  2823 | D:4      | Killed an ogre
  3082 | D:5      | Entered Level 5 of the Dungeon
  3112 | D:5      | Found a snail-covered altar of Cheibriados.
  3280 | D:5      | Found a radiant altar of Vehumet.
  3358 | D:5      | Reached XP level 7. HP: 60/60 MP: 3/3
  3370 | D:5      | Got a pair of faintly glowing boots
  3381 | D:5      | Identified the -4 pair of boots of Watchfulness {rElec rF++ rCorr Str-5 Dex-5} (You found it on level 5 of the Dungeon)
  3416 | D:5      | Reached skill level 6 in Armour
  3760 | D:5      | Found an iron altar of Okawaru.
  3770 | D:5      | Became a worshipper of Warmaster Okawaru
  4006 | D:6      | Found a sparkling altar of Nemelex Xobeh.
  4086 | D:6      | Reached skill level 5 in Fighting
  4152 | D:6      | Noticed Grinder
  4169 | D:6      | Killed Grinder
  4363 | D:6      | Found a staircase to the Ecumenical Temple.
  4392 | D:6      | Reached skill level 5 in Long Blades
  4399 | D:6      | Got a twisted rapier
  4400 | D:6      | Identified the +4 rapier "Caun Sat Bre" {venom, Dex+3} (You found it on level 6 of the Dungeon)
  4410 | Temple   | Entered the Ecumenical Temple
  4581 | D:6      | Acquired Okawaru's first power
  4581 | D:6      | Reached XP level 8. HP: 59/68 MP: 3/3
  4695 | D:6      | Found a shimmering altar of Xom.
  4936 | D:7      | Reached skill level 7 in Armour
  4991 | D:7      | Reached skill level 5 in Dodging
  5187 | D:7      | Found a snail-covered altar of Cheibriados.
  5316 | D:7      | HP: 3/71 [something (23)]
  5604 | D:7      | Reached XP level 9. HP: 37/78 MP: 4/4
  6400 | D:8      | Got a fine broad axe
  6401 | D:8      | Identified the +7 broad axe of the Three Spirits {drain, Str+9 Int-4 Dex-4} (You found it on level 8 of the Dungeon)
  6441 | D:8      | You fall through a shaft!
  6475 | D:9      | Found a staircase to the Lair.
  6518 | D:9      | Found an opulent altar of Gozag.
  6527 | D:9      | Reached skill level 1 in Axes
  6527 | D:9      | Reached skill level 8 in Armour
  6555 | D:9      | Noticed a centaur skeleton
  6560 | D:9      | Killed a centaur skeleton
  6560 | D:9      | Received a gift from Okawaru
  7006 | D:9      | Reached XP level 10. HP: 83/88 MP: 4/4
  7045 | D:10     | Entered Level 10 of the Dungeon
  7137 | D:10     | Found a staircase to the Orcish Mines.
  7404 | D:10     | Noticed Eustachio
  7423 | D:10     | Killed Eustachio
  7423 | D:10     | Reached skill level 5 in Axes
  7537 | D:10     | Reached skill level 9 in Shields
  7899 | D:10     | Noticed a cyclops
  7908 | D:10     | Killed a cyclops
  7922 | D:10     | Identified the Reference Book on the Blaze
  7990 | D:10     | Acquired Okawaru's second power
  8352 | Orc:1    | Entered Level 1 of the Orcish Mines
  8504 | Orc:2    | Reached skill level 10 in Shields
  8684 | Orc:2    | Noticed an orc knight
  8694 | Orc:2    | Killed an orc knight
  8694 | Orc:2    | Reached XP level 11. HP: 37/99 MP: 4/4
  8742 | Orc:2    | Found a shimmering altar of Xom.
  8961 | Orc:3    | Found a staircase to the Elven Halls.
  9399 | Orc:3    | Noticed an orc high priest
  9411 | Orc:3    | Killed an orc high priest
  9411 | Orc:3    | Reached skill level 10 in Fighting
  9448 | Orc:3    | Found a roughly hewn altar of Beogh.
  9679 | Orc:4    | Entered Level 4 of the Orcish Mines
  9695 | Orc:4    | Found a roughly hewn altar of Beogh.
  9708 | Orc:4    | Found a roughly hewn altar of Beogh.
  9708 | Orc:4    | Found Uway's Jewellery Shop.
  9713 | Orc:4    | Received a gift from Okawaru
  9803 | Orc:4    | Found a staircase to the Elven Halls.
  9806 | Orc:4    | Found a roughly hewn altar of Beogh.
  9867 | Orc:4    | Found a roughly hewn altar of Beogh.
  9922 | Orc:4    | Found a roughly hewn altar of Beogh.
  9922 | Orc:4    | Found Suatarua's Distillery.
  9932 | Orc:4    | Mangled by an orc knight

Action                   |  1- 3 |  4- 6 |  7- 9 | 10-12 || total
-------------------------+-------+-------+-------+-------++-------
Melee: Long sword        |   121 |   150 |   296 |       ||   567
       Broad axe         |       |       |    62 |   276 ||   338
Invok: Heroism           |       |       |     1 |       ||     1
  Use: Scroll            |       |    12 |       |       ||    12
  Eat: Chunk             |       |     4 |    12 |    10 ||    26
       Beef jerky        |       |     1 |       |       ||     1
       Fruit             |       |     1 |     1 |       ||     2
